 Dungeon Crawl Stone Soup version 0.23.2-1-ga50397a6bc (webtiles) character file.

Game seed: 5926034186179751704

322 Mrkan the Skirmisher (level 6, -3/39 HPs)
             Began as a Gargoyle Fighter on May 20, 2019.
             Was a Believer of the Shining One.
             Slain by an orc warrior
             ... wielding a +0 dire flail
              (13 damage)
             ... on level 3 of the Dungeon.
             The game lasted 00:03:52 (1856 turns).

Mrkan the Skirmisher (Gargoyle Fighter)             Turns: 1856, Time: 00:03:53

Health: -3/39      AC: 11    Str: 22    XL:     6   Next: 47%
Magic:  7/7        EV:  7    Int:  8    God:    the Shining One [**....]
Gold:   126        SH:  9    Dex:  9    Spells: 5/5 levels left

rFire    . . .     SeeInvis .   a - +0 flail
rCold    . . .     Gourm    .   c - +0 shield
rNeg     + + .     Faith    .   b - +0 scale mail
rPois    ∞         Spirit   .   (no helmet)
rElec    +         Reflect  .   (no cloak)
rCorr    .         Harm     .   (no gloves)
MR       .....                  (no boots)
Stlth    ..........             (no amulet)
HPRegen  0.13/turn              (no ring)
MPRegen  0.10/turn              (no ring)

@: glowing
A: negative energy resistance 1, electricity resistance, unbreathing,
petrification resistance, rot immunity, AC +4
a: Divine Shield, Renounce Religion


You were on level 3 of the Dungeon.
You worshipped the Shining One.
The Shining One was pleased with you.
You were hungry.

You visited 1 branch of the dungeon, and saw 3 of its levels.

You collected 126 gold pieces.

Inventory:

Hand Weapons
 a - a +0 flail (weapon)
Armour
 b - a +0 scale mail (worn)
 c - a +0 shield (worn)
 j - a +0 cloak
Jewellery
 e - a +3 ring of slaying {unknown}
Wands
 o - a wand of disintegration (8)
Scrolls
 d - a scroll of remove curse {unknown}
 g - a scroll of amnesia {unknown}
 h - 3 scrolls of teleportation {unknown}
 l - 2 scrolls of fog {unknown}
 q - 2 scrolls of identify {unknown}
Potions
 i - 2 potions of curing {unknown}
 m - a potion of heal wounds {unknown}
 n - 2 potions of flight {unknown}
 p - a potion of lignification {unknown}
Comestibles
 f - 4 rations
 k - 2 chunks of flesh


   Skills:
 + Level 4.6 Fighting
 * Level 4.5 Maces & Flails
 - Level 3.2 Armour
 + Level 4.5 Shields
 + Level 2.4 Invocations


You had 5 spell levels left.
You didn't know any spells.
Your spell library was empty.

Dungeon Overview and Level Annotations

Branches:
Dungeon (3/15)

Altars:
Kikubaaqudgha
The Shining One


Innate Abilities, Weirdness & Mutations

You are resistant to torment.
Your stone body is resilient. (AC +4)
You are immune to poison.
You resist negative energy. (rN+)
You are resistant to electric shocks. (rElec)
You can survive without breathing.
You are immune to petrification.
You are immune to rotting.


Message History

You hit the orc warrior.
The orc warrior is lightly wounded.
The orc warrior hits you with a +0 dire flail!
You hit the orc warrior but do no damage.
The orc warrior is lightly wounded.
The orc warrior hits you with a +0 dire flail!
You hit the orc warrior but do no damage.
The orc warrior is lightly wounded.
You are feeling hungry.
The orc wizard mumbles some strange words.
The orc wizard flickers and vanishes for a moment.
The orc warrior hits you with a +0 dire flail.
You sock the orc warrior!
The orc warrior is heavily wounded.
The orc warrior hits you with a +0 dire flail!
* * * LOW HITPOINT WARNING * * *
You hit the orc warrior but do no damage.
The orc warrior is heavily wounded.
The orc warrior hits you with a +0 dire flail!
You die...

#. #.#
#..#.###......).(.((((.#
# #.# #.#.##
#.#.....######### #.#
#.#.# ##.#...## ..#
#.#.# ##...## ## #.#.#
##.###### #.#.# #......#
#.#.# #.####.#
#.#.#######.#
#.#)rooo@...#
.....######## ##. #


You could see an orc warrior, an orc wizard (invisible), an orc and a rat.

Vanquished Creatures
  Sigmund (D:3)
  An orc wizard (D:3)
  Jessica (D:3)
  3 adders
  2 worms (D:2)
  A dart slug (D:1)
  10 orcs
  3 bats
  5 giant cockroaches
  3 goblins
  6 hobgoblins
  6 kobolds
  3 quokkas
  2 ball pythons (D:2)
  7 frilled lizards
  8 rats
62 creatures vanquished.

Notes
Turn   | Place    | Note
-------+----------+-------------------------------------------
     0 | D:1      | Mrkan the Gargoyle Fighter began the quest for the Orb.
     0 | D:1      | Reached XP level 1. HP: 14/14 MP: 1/1
   255 | D:1      | Reached XP level 2. HP: 16/19 MP: 2/2
   845 | D:2      | Reached XP level 3. HP: 23/23 MP: 3/3
   878 | D:2      | Found a faded altar of an unknown god.
   887 | D:2      | Became a worshipper of the Shining One
   887 | D:2      | Reached * piety under the Shining One
  1238 | D:2      | Reached XP level 4. HP: 12/29 MP: 4/4
  1440 | D:3      | Found an ancient bone altar of Kikubaaqudgha.
  1454 | D:3      | Noticed Sigmund
  1473 | D:3      | Killed Sigmund
  1473 | D:3      | Reached XP level 5. HP: 15/34 MP: 4/6
  1473 | D:3      | Reached XP level 6. HP: 17/39 MP: 4/7
  1583 | D:3      | Noticed Jessica
  1592 | D:3      | Killed Jessica
  1843 | D:3      | Reached ** piety under the Shining One
  1844 | D:3      | Noticed an orc warrior
  1856 | D:3      | Slain by an orc warrior

Skill      XL: |  1  2  3  4 |
---------------+-------------+-----
Maces & Flails | 3 4 |  4.5
Fighting       | 4 |  4.6
Shields        | 4 |  4.5
Invocations    | 2 |  2.4
Armour         | |  3.2

Action                   |  1- 3 |  4- 6 || total
-------------------------+-------+-------++-------
Melee: Flail             |   126 |    81 ||   207
  Use: Potion            |       |     1 ||     1
  Eat: Chunk             |     1 |     2 ||     3
Armor: Scale mail        |    60 |    47 ||   107
Dodge: Dodged            |    51 |    28 ||    79
Block: Shield            |    76 |    48 ||   124
